 Dungeon Crawl Stone Soup version 0.18.1-6-gd335043 (webtiles) character file.

365 HungrySpirit the Insei (level 6, 0/43 HPs)
             Began as an Octopode Skald on May 18, 2016.
             Slain by an ogre
             ... wielding a +0 giant club
              (20 damage)
             ... on level 4 of the Dungeon.
             The game lasted 00:07:06 (4533 turns).

HungrySpirit the Insei (Octopode Skald)             Turns: 4533, Time: 00:07:07

Health: 0/43       AC:  1    Str: 11    XL:     6   Next: 68%
Magic:  9/9        EV: 13    Int: 14    God:
Gold:   138        SH:  0    Dex: 14    Spells: 1 memorised, 8 levels left

rFire  + . .     SeeInvis .       - Unarmed
rCold  . . .     Gourm    .     (no shield)
rNeg   . . .     Faith    +     (helmet restricted)
rPois  .         Spirit   .     e - amulet of faith
rElec  .         Dismiss  .     p - ring of protection from fire (curse)
rCorr  .         Reflect  .     (no ring)
SustAt .         Harm     .     (no ring)
MR     .....                    (no ring)
Stlth  ++........               (no ring)
                                (no ring)
                                (no ring)
                                (no ring)

@: not resistant to hostile enchantments, unstealthy
A: almost no armour, amphibious, 8 rings, constrict 8, camouflage 1, gelatinous
body 1
a: no special abilities


You were on level 4 of the Dungeon.
You were very hungry.

You visited 1 branch of the dungeon, and saw 4 of its levels.

You collected 138 gold pieces.

Inventory:

Missiles
 n - 3 javelins (quivered)
Jewellery
 e - an amulet of faith (around mantle)
 p - a cursed ring of protection from fire (left tentacle)
Scrolls
 d - 3 scrolls of identify {unknown}
 f - a scroll of recharging {unknown}
 i - a scroll of random uselessness {unknown}
 k - a scroll of teleportation {unknown}
 o - a scroll of immolation {unknown}
 q - a scroll of amnesia {unknown}
 r - a scroll of enchant armour {unknown}
 t - a scroll of magic mapping {unknown}
 y - a scroll of remove curse {unknown}
Potions
 c - 2 potions of berserk rage
 g - 2 potions of invisibility {unknown}
 j - 3 potions of brilliance {unknown}
 l - 4 potions of curing {unknown}
 m - 2 potions of cancellation {unknown}
 s - a potion of heal wounds {unknown}
 u - a potion of mutation {unknown}
 v - a potion of cure mutation {unknown}
 x - a potion of might {unknown}
Books
 a - a book of Battle

   Spells                             Type                      Level
   a - Infusion                       Charms                       1
   b - Shroud of Golubria             Charms/Translocation         2
   c - Song of Slaying                Charms                       2
   d - Spectral Weapon                Hexes/Charms                 3
   e - Regeneration                   Charms/Necromancy            3
Comestibles
 b - 4 bread rations
 h - 2 meat rations
 w - 2 fruits


   Skills:
 + Level 3.9 Fighting
 + Level 3.7 Dodging
 * Level 4.8 Unarmed Combat
 - Level 2.0 Spellcasting
 - Level 3.0 Charms


You had 8 spell levels left.
You knew the following spells:

 Your Spells              Type           Power        Failure   Level  Hunger
a - Infusion              Chrm           #...         10%         1    ##.....


Dungeon Overview and Level Annotations

Branches:
Dungeon (4/15)
 Temple: D:4-7

Altars:

Shops:
D:4 (

Annotations:
D:3 zkyp's ghost, amateur CeNe


Innate Abilities, Weirdness & Mutations

You cannot wear most types of armour.
You are amphibious.
You can wear up to eight rings at the same time.
You can use your tentacles to constrict eight enemies at once.
Your skin changes colour to match your surroundings (Stealth).
Your rubbery body absorbs attacks (AC +1).


Message History

Press: ? - help, Shift-Dir - straight line, f/p - ogre
Aim: an ogre, wielding a giant club (lightly wounded)
You throw a javelin. The javelin closely misses the ogre.
The ogre closely misses you.
You tentacle-slap the ogre. You tentacle-slap the ogre! You squeeze the ogre.
The ogre is severely wounded.
The ogre hits you with a giant club!!
Ouch! That really hurt!
You tentacle-slap the ogre but do no damage.
The ogre is severely wounded.
The ogre closely misses you.
You barely miss the ogre.
The ogre is severely wounded.
You barely miss the ogre.
The ogre is severely wounded.
The ogre misses you.
You tentacle-slap the ogre. Your squeeze misses the ogre.
The ogre is almost dead.
The ogre hits you with a giant club!!
You die...

#<# #.####### #.##.....
########### #.##.####
#.........###### #.##.#...
#####.###........... #.##.#.#.
......# #........# #.#......
.########........# #.#.#..#.#.
.##.(>..........@######......#.#.
....#.###...#.#..O....#.###..#.#.
....#.###...#.#.......#.#....#.#.
............#.##..#(..#......#.#.
...##.###.###......#(.#.....<#.#.
...#....#.######...#..#....#.#.##
####..#.#....# #...#..(....#.#...
#(....###.###...#.#.(.[.#)#...
####.....##........#.......#[#.#.


You could see an ogre.

Vanquished Creatures
  The ghost of seren the Magician, an amateur DEWz (D:4)
  2 orc wizards (D:4)
  Ijyb (D:2)
  Natasha (D:2)
  A worker ant (D:4)
  4 gnolls (D:3)
  An adder (D:3)
  An ooze (D:4)
  2 worms (D:2)
  5 giant geckos
  12 orcs
  2 ball pythons
  6 giant cockroaches
  14 goblins
  6 hobgoblins
  3 jackals (D:3)
  2 quokkas
  9 bats
  3 giant newts
  12 kobolds
  8 rats
96 creatures vanquished.

Notes
Turn   | Place    | Note
--------------------------------------------------------------
     0 | D:1      | HungrySpirit the Octopode Skald began the quest for the Orb.
     0 | D:1      | Reached XP level 1. HP: 14/14 MP: 3/3
   236 | D:1      | Reached XP level 2. HP: 18/19 MP: 5/5
   967 | D:2      | Reached XP level 3. HP: 16/25 MP: 6/6
  1086 | D:2      | Noticed Ijyb
  1096 | D:2      | Killed Ijyb
  1096 | D:2      | Reached skill level 3 in Unarmed Combat
  1371 | D:2      | Noticed Natasha
  1389 | D:2      | Killed Natasha
  1389 | D:2      | Reached XP level 4. HP: 24/30 MP: 7/7
  1997 | D:3      | Reached XP level 5. HP: 24/36 MP: 4/8
  2838 | D:3      | Reached skill level 4 in Unarmed Combat
  3232 | D:3      | Noticed zkyp's ghost (amateur CeNe)
  3485 | D:4      | Reached XP level 6. HP: 34/42 MP: 3/9
  3565 | D:4      | Found Waarocs's Weapon Shop.
  4117 | D:4      | Noticed seren's ghost (amateur DEWz)
  4133 | D:4      | Killed seren's ghost
  4533 | D:4      | Slain by an ogre

Skill      XL: |  1  2  3  4  5 |
---------------+----------------+-----
Dodging        | 2 3 |  3.7
Unarmed Combat | 3 4 |  4.8
Fighting       | 3 |  3.9
Spellcasting   | |  2.0
Charms         | |  3.0

Action                   |  1- 3 |  4- 6 || total
-------------------------+-------+-------++-------
Melee: Unarmed           |    70 |   184 ||   254
       Constrict         |    19 |    32 ||    51
       Tentacles         |    11 |    35 ||    46
       Punch             |     1 |     8 ||     9
Throw: Tomahawk          |       |     1 ||     1
       Javelin           |       |    20 ||    20
 Cast: Infusion          |     2 |     3 ||     5
 Stab: Sleeping          |     1 |     4 ||     5
       Distracted        |       |     1 ||     1
  Eat: Chunk             |     1 |     8 ||     9
       Pizza             |       |     1 ||     1
Armor: Skin              |     2 |     4 ||     6
Dodge: Dodged            |    54 |    86 ||   140
